 Dungeon Crawl Stone Soup version 0.27-a0-1140-g099f9bb0e8 (webtiles) character file.

Game seed: 3968041820575968486

816 cupofjoakim the Cudgeller (level 7, -5/61 HPs)
             Began as a Minotaur Berserker on May 10, 2021.
             Was a Believer of Trog.
             Killed by divine providence
             ... invoked by an orc priest
              (9 damage)
             ... on level 6 of the Dungeon.
             The game lasted 00:31:35 (3721 turns).

cupofjoakim the Cudgeller (Minotaur Berserker)      Turns: 3721, Time: 00:31:36

Health: -5/61      AC: 10    Str: 24    XL:     7   Next: 62%
Magic:  6/6        EV:  8    Int:  4    God:    Trog [**....]
Gold:   114        SH:  9    Dex:  9    Spells: 6/6 levels left

rFire    + . .     SeeInvis .   a - +0 mace
rCold    . . .     Faith    .   i - +0 kite shield
rNeg     + . .     Spirit   .   v - +0 scale mail {rF+}
rPois    .         Reflect  .   (helmet restricted)
rElec    .         Harm     .   h - +0 cloak
rCorr    .         Rampage  .   n - +0 pair of gloves
Will     +....                  (no boots)
Stlth    ..........             (no amulet)
HPRegen  0.20/turn              m - ring of positive energy
MPRegen  0.10/turn              l - ring of willpower

@: no status effects
A: horns 2, retaliatory headbutt
a: Renounce Religion, Berserk, Trog's Hand


You were on level 6 of the Dungeon.
You worshipped Trog.
Trog was pleased with you.
You visited 1 branch of the dungeon, and saw 6 of its levels.

You collected 114 gold pieces.

Inventory:

Hand Weapons
 a - a +0 mace (weapon)
 p - a +0 morningstar
Missiles
 c - 13 boomerangs (quivered)
 f - 46 arrows
 j - 98 stones
 u - 8 poisoned darts
Armour
 b - a +0 animal skin
 e - a +0 robe
 h - a +0 cloak (worn)
 i - a +0 kite shield (worn)
 k - a +0 ring mail
 n - a +0 pair of gloves (worn)
 q - a +0 chain mail
 v - a +0 scale mail of fire resistance (worn)
Jewellery
 l - a ring of willpower (right hand)
 m - a ring of positive energy (left hand)
 t - a ring of positive energy
Scrolls
 s - a scroll of noise
 x - a scroll of identify
Potions
 d - 2 potions of curing
 g - a potion of degeneration {unknown}
 r - a potion of attraction {unknown}


   Skills:
 + Level 5.5 Fighting
 + Level 6.8 Maces & Flails
 + Level 1.2 Throwing
 + Level 5.5 Armour
 + Level 3.6 Dodging
 + Level 0.6 Stealth
 + Level 3.2 Shields


You had 6 spell levels left.
You didn't know any spells.
Your spell library was empty.

Dungeon Overview and Level Annotations

Branches:
Dungeon (6/15)
 Temple: D:4-7

Altars:
Okawaru
Yredelemnul


Innate Abilities, Weirdness & Mutations

You have a pair of horns on your head.
You reflexively headbutt those who attack you in melee.


Message History

There is a stone staircase leading up here.
You now have 114 gold pieces (gained 14).
You open the door.
An orc, an orc priest and a skeleton come into view.
The orc priest shouts!
The orc shouts!
You hear a shout! x2
There is an open door here.
An orc comes into view. It is wielding a +3 hand axe.
The orc shouts!
The wyvern skeleton bites you!
The orc priest calls down the wrath of Beogh upon you.
You resist with some effort.
Found a scroll of identify.
Found an escape hatch in the floor.
You hit the wyvern skeleton.
The wyvern skeleton is lightly damaged.
An orc wizard comes into view. It is wielding a +0 dagger.
The wyvern skeleton bites you. The wyvern skeleton bites you!
The orc wizard shouts!
You hit the wyvern skeleton.
The wyvern skeleton is lightly damaged.
You hear a shout!
A centaur comes into view.
The orc priest invokes the aid of Beogh against you.
Beogh smites you! You block the wyvern skeleton's attack.
The orc wizard points at you and mumbles some strange words.
The magic dart hits you.
The centaur wields a +0 shortbow.
The centaur shoots an arrow.
The arrow hits you.
* * * LOW HITPOINT WARNING * * *
The centaur shoots an arrow.
The arrow hits you.
* * * LOW HITPOINT WARNING * * *
The wyvern skeleton bites you.
* * * LOW HITPOINT WARNING * * *
An orc comes into view. It is wielding a +0 flail.
The orc priest calls down the wrath of Beogh upon you.
Beogh smites you!
* * * LOW HITPOINT WARNING * * *
The orc moves out of view.
There is an open door here.
The orc priest calls down the wrath of Beogh upon you.
Beogh smites you!
You die...

#.....c...?
#..........
#...c......
#.o........
#.Zo.......
##'######## #o#
#.# #.# #.# #@#
#.# #.# #.# #.#
#.# #.# ≈.## #.#
#.#
.....##.######.#
#...........#
####.########
#<#


You could see an orc priest, 2 orcs and a wyvern skeleton.

Vanquished Creatures
  Menkaure (D:5)
  A necrophage (D:3)
  A centaur (D:3)
  2 scorpions
  A centaur zombie (D:4)
  3 orc priests (D:5)
  A gnoll shaman (D:5)
  An iguana (D:4)
  A bullfrog skeleton (D:4)
  A hound skeleton (D:5)
  8 gnolls
  4 adders
  A dart slug (D:1)
  5 orcs
  5 endoplasms
  2 giant cockroaches (D:1)
  5 goblins
  5 hobgoblins
  A quokka (D:4)
  5 ball pythons
  6 bats
  5 frilled lizards
  7 kobolds
  4 rats
76 creatures vanquished.

Vanquished Creatures (collateral kills)
  A hound (D:4)
  A gnoll (D:4)
2 creatures vanquished.

Vanquished Creatures (others)
  A plant (D:5)
1 creature vanquished.

Grand Total: 79 creatures vanquished

Notes
Turn   | Place    | Note
-------+----------+-------------------------------------------
     0 | D:1      | cupofjoakim the Minotaur Berserker began the quest for the
                  | Orb.
     0 | D:1      | Reached XP level 1. HP: 19/19 MP: 0/0
   376 | D:1      | Reached XP level 2. HP: 27/27 MP: 1/1
   422 | D:1      | Reached skill level 4 in Maces & Flails
   911 | D:1      | Reached ** piety under Trog
   917 | D:1      | Reached XP level 3. HP: 27/33 MP: 2/2
  1682 | D:3      | Found a faded altar of an unknown god.
  1684 | D:3      | Noticed a necrophage
  1689 | D:3      | Killed a necrophage
  1690 | D:3      | Reached skill level 5 in Maces & Flails
  1690 | D:3      | Reached skill level 1 in Shields
  1690 | D:3      | Reached XP level 4. HP: 41/41 MP: 3/3
  1717 | D:3      | Noticed a centaur
  1725 | D:3      | Killed a centaur
  1726 | D:3      | Reached XP level 5. HP: 27/47 MP: 4/4
  2091 | D:4      | Reached XP level 6. HP: 10/55 MP: 5/5
  2322 | D:4      | Reached skill level 6 in Maces & Flails
  2651 | D:4      | Found an iron altar of Okawaru.
  2653 | D:4      | Found a basalt altar of Yredelemnul.
  2679 | D:4      | Reached skill level 5 in Fighting
  2712 | D:5      | Entered Level 5 of the Dungeon
  2880 | D:5      | Noticed Menkaure
  2890 | D:5      | Killed Menkaure
  2891 | D:5      | Reached skill level 5 in Armour
  2891 | D:5      | Reached XP level 7. HP: 37/61 MP: 6/6
  3133 | D:5      | Reached skill level 1 in Throwing
  3718 | D:6      | HP: 3/61 [orc priest/divine providence (13)]
  3721 | D:6      | Killed from afar by an orc priest

Illustrated notes

Levels and vault maps discovered:
D:1:      minmay_arrival_five_plusses, layout_basic
D:2:      minmay_general_purpose_star, layout_loops_ring, basic_altar
D:3:      layout_rooms, chequers_ecumenical_altar_simple
D:4:      layout_cave_pools, gammafunk_temple_overflow_statue,
          nrook_mini_backslash, kennysheep_decorative_pillar
D:5:      corexii_shack_village, layout_cave_pods,
          hangedman_abyss_or_decor_stabs, minmay_misc_feat_secret_circle,
          uniq_menkaure, uniq_ijyb
D:6:      layout_basic, grunt_gozag_statues, kennysheep_slug_shrine,
          temple_green, gammafunk_ghost_gnarly_gnolls, uniq_prince_ribbit1

Skill      XL: |  1  2  3  4  5  6  7 |
---------------+----------------------+-----
Fighting       | 4 5 |  5.5
Maces & Flails | 4 5 6 |  6.8
Armour         | 3 4 5 |  5.5
Dodging        | 3 |  3.6
Shields        | 1 2 3 |  3.2
Throwing       | 1 |  1.2
Stealth        | |  0.6

Action                   |  1- 3 |  4- 6 |  7- 9 || total
-------------------------+-------+-------+-------++-------
Melee: Mace              |    76 |    87 |    32 ||   195
       Headbutt          |     7 |    15 |     7 ||    29
Throw: Boomerang         |       |     8 |     6 ||    14
Invok: Berserk           |       |     2 |     2 ||     4
       Trog's Hand       |       |     1 |       ||     1
  Use: Potion            |       |     3 |       ||     3
       Scroll            |       |     3 |     3 ||     6
Armor: Animal skin       |    13 |       |       ||    13
       Ring mail         |    21 |       |       ||    21
       Chain mail        |     5 |    21 |       ||    26
       Scale mail        |       |    41 |    17 ||    58
       Skin              |       |    15 |       ||    15
Dodge: Dodged            |    28 |    35 |     5 ||    68
Block: Kite shield       |    21 |    49 |    18 ||    88

Table legend: (Time is in decaauts)
 A = Elapsed time spent in this place.
 B = Non-inter-level travel time spent in this place.
 C = Inter-level travel time spent in this place.
 D = Time resting spent in this place.
 E = Time spent auto-exploring this place.
 F = Levels seen in this place.
 G = Mean time per level.
                   A        B        C        D        E       F      G
               +--------+--------+--------+--------+--------+-----+--------+
         Total |   3834 |   3299 |    535 |   1875 |    822 |   6 |  639.0 |
       Dungeon |   3834 |   3299 |    535 |   1875 |    822 |   6 |  639.0 |
               +--------+--------+--------+--------+--------+-----+--------+

Top non-repeatable levels by time:
     D:5: 1027 daAuts
     D:1: 1014 daAuts
     D:4: 779 daAuts
     D:2: 616 daAuts
     D:3: 369 daAuts
     D:6: 28 daAuts
